Map: Blackpink LE

Players

Dark - Winner!

  • Race: Zerg Zerg
  • Spawn Location: 7:00

INnoVation

  • Race: Terran Terran
  • Spawn Location: 1:00

Event: IEM Season 12 - Katowice

VOD

https://www.youtube.com/watch?v=nC0Aj5F8J38

Description

Time

  • Played on: March 1, 2018, 2:46 p.m.
  • Length: 19:12

All games in this series

Show
View Real Time Build Order
Export as new Build Order

Dark Zerg - Winner!

Build Orders: Hatch First 

Get SALT Encoding   

  12  0:00  Drone  
  13  0:13  Overlord  
  13  0:16  Drone  
  14  0:32  Drone x2  
  16  0:35  Drone  
  17  0:54  Hatchery  
  17  0:55  Drone  
  17  0:59  Drone  
  18  1:09  Extractor  
  17  1:13  Spawning Pool  
  17  1:14  Drone  
  17  1:19  Drone  
  18  1:29  Drone  
  19  1:41  Drone  
  20  1:49  Overlord  
  20  2:02  Queen  
  20  2:05  Queen  
  20  2:06  Zergling x4  
  26  2:10  Metabolic Boost  
  26  2:12  Drone  
  27  2:17  Drone  
  28  2:26  Drone  
  28  2:29  Drone  
  30  2:42  Hatchery  
  29  2:44  Queen  
  29  2:45  Drone  
  29  2:47  Drone  
  33  2:51  Overlord  
  33  2:57  Drone x2  
  35  3:04  Drone  
  36  3:08  Overlord  
  36  3:14  Drone x2  
  36  3:16  Drone  
  36  3:17  Drone x2  
  36  3:18  Drone  
  42  3:25  Queen  
  44  3:27  Drone  
  44  3:31  Drone x2  
  44  3:32  Drone  
  48  3:37  Overlord  
  48  3:43  Zergling x2  
  49  3:49  Zergling x2  
  49  3:54  Zergling x4  
  49  3:55  Drone x4  
  56  3:56  Lair  
  56  3:57  Drone  
  56  4:00  Extractor  
  56  4:01  Queen, Extractor  
  57  4:06  Overlord  
  57  4:11  Drone  
  57  4:14  Baneling Nest  
  57  4:15  Spore Crawler  
  55  4:21  Drone x2  
  55  4:22  Drone  
  58  4:24  Queen  
  58  4:25  Drone x2  
  58  4:29  Zergling x4  
  64  4:31  Drone  
  64  4:32  Drone  
  66  4:39  Overlord  
  66  4:45  Overlord  
  66  4:49  Overlord  
  66  4:56  Overlord  
  66  5:01  Overlord  
  66  5:04  Drone x5  
  66  5:05  Drone x2  
  73  5:09  Centrifical Hooks  
  73  5:10  Drone  
  74  5:14  Drone  
  74  5:16  Evolution Chamber, Drone  
  74  5:18  Evolution Chamber  
  74  5:20  Drone  
  75  5:22  Drone x2  
  75  5:25  Drone x2  
  75  5:26  Drone  
  75  5:27  Drone x2  
  75  5:28  Drone  
  83  5:31  Drone  
  83  5:34  Drone x3  
  86  5:40  Drone x2  
  88  5:44  Zerg Ground Armor Level 1  
  88  5:45  Zerg Melee Weapons Level 1  
  88  5:47  Drone  
  89  5:51  Drone  
  89  5:53  Hatchery  
  89  5:54  Extractor  
  89  5:55  Extractor  
  87  5:58  Hatchery  
  87  6:02  Zergling x14  
  87  6:04  Zergling x2  
  94  6:09  Hydralisk Den  
  93  6:13  Baneling x4  
  93  6:14  Baneling x4  
  93  6:15  Zergling x10  
  93  6:18  Overlord  
  98  6:19  Baneling  
  97  6:34  Overlord x2, Baneling x4  
  97  6:36  Baneling x4  
  97  6:37  Baneling x2  
  97  6:38  Zergling x16  
  105  6:44  Grooved Spines  
  105  6:46  Overlord x2  
  97  7:06  Drone x7  
  97  7:07  Drone x2  
  98  7:12  Drone x3  
  100  7:20  Overlord  
  100  7:21  Drone  
  100  7:22  Baneling x5  
  101  7:24  Drone  
  101  7:28  Extractor, Hydralisk x7  
  115  7:31  Hydralisk  
  115  7:33  Hatchery  
  117  7:37  Drone  
  117  7:40  Zerg Melee Weapons Level 2  
  118  7:44  Zergling x10  
  118  7:45  Zergling x4  
  118  7:46  Zerg Ground Armor Level 2  
  123  7:55  Hydralisk x3  
  123  7:56  Muscular Augments  
  129  7:58  Zergling x4  
  129  7:59  Zergling x10  
  135  8:10  Hydralisk x3  
  135  8:11  Drone x3  
  144  8:14  Drone  
  144  8:15  Drone x7  
  144  8:18  Drone  
  153  8:22  Hydralisk x2  
  155  8:27  Baneling x5  
  155  8:32  Burrow  
  151  8:35  Hydralisk x3  
  157  8:43  Overlord x3  
  157  8:46  Infestation Pit  
  156  8:49  Spore Crawler, Hatchery  
  156  8:51  Zergling x2  
  156  8:52  Zergling x18  
  164  9:01  Zergling x8  
  166  9:11  Zergling x22  
  166  9:12  Zergling x10  
  166  9:15  Baneling  
  166  9:16  Baneling x16  
  181  9:21  Overlord x2  
  181  9:23  Hive  
  180  9:29  Zergling x14  
  180  9:30  Zergling x6  
  188  9:36  Overlord x5  
  188  9:42  Baneling x4  
  188  9:43  Zergling x2  
  188  9:44  Zergling x16  
  188  9:45  Zergling x2  
  198  9:46  Zergling x2  
  198  9:47  Zergling x2  
  200  10:06  Baneling x2  
  188  10:13  Hydralisk x4  
  186  10:14  Zergling x2  
  186  10:15  Zergling x18  
  186  10:17  Spore Crawler, Zergling x2  
  191  10:29  Drone x3  
  191  10:31  Drone x2  
  191  10:34  Hydralisk x2  
  196  10:50  Hydralisk x3  
  196  10:54  Adrenal Glands  
  196  10:55  Zerg Ground Armor Level 3, Zerg Melee Weapons Level 3  
  196  11:01  Drone x2, Extractor x2  
  196  11:02  Drone, Spine Crawler x2  
  196  11:03  Drone x3, Spine Crawler  
  195  11:12  Viper x2  
  195  11:15  Zergling x14  
  195  11:18  Zergling x16  
  194  11:23  Baneling  
  200  11:25  Baneling x2  
  200  11:26  Baneling  
  200  11:32  Hydralisk x2  
  188  11:34  Zergling x24  
  188  11:37  Baneling  
  196  11:42  Ultralisk Cavern  
  196  11:45  Spire  
  196  11:46  Spore Crawler  
  193  11:48  Drone x4, Spine Crawler  
  193  11:49  Drone  
  193  11:50  Spine Crawler  
  196  11:54  Baneling x3  
  177  12:25  Hatchery  
  176  12:33  Ultralisk x2  
  176  12:34  Chitinous Plating, Ultralisk  
  194  12:38  Zergling x2  
  194  12:39  Zergling x18  
  194  12:43  Drone x2  
  194  12:44  Zergling x12  
  195  12:45  Zergling x6  
  195  12:46  Drone  
  200  12:58  Zergling x8  
  194  13:05  Greater Spire  
  188  13:08  Drone  
  188  13:10  Baneling  
  188  13:11  Baneling  
  189  13:17  Drone x2  
  189  13:19  Baneling x4  
  191  13:20  Baneling x5  
  191  13:21  Baneling, Hatchery  
  190  13:31  Zergling x8  
  190  13:32  Zerg Missile Weapons Level 1, Zergling x8  
  196  13:37  Zergling x6  
  196  13:40  Zergling x6  
  199  13:42  Hatchery  
  173  13:52  Zergling x8  
  173  13:53  Zergling x58  
  200  14:00  Baneling  
  200  14:01  Baneling x13  
  200  14:06  Overseer  
  200  14:14  Spore Crawler  
  200  14:17  Baneling x2  
  199  14:19  Baneling x4  
  199  14:20  Baneling x7  
  199  14:22  Zergling x2  
  199  14:24  Overseer x2  
  199  14:30  Zergling x4  
  197  14:32  Baneling x6  
  197  14:37  Zergling x4  
  170  14:55  Ultralisk x2  
  170  14:56  Zergling x18  
  170  14:57  Zergling x30  
  170  14:59  Ultralisk, Zergling x4  
  195  15:00  Zergling x2  
  195  15:01  Zergling x4  
  195  15:04  Zergling x4  
  158  15:14  Ultralisk x3  
  158  15:15  Zergling x30  
  158  15:16  Baneling x10  
  158  15:18  Zergling x2  
  158  15:19  Zergling x4  
  194  15:24  Zergling x10  
  194  15:26  Zergling x2  
  200  15:29  Baneling x3  
  200  15:45  Zergling x2  
  200  15:49  Zergling x2  
  196  15:53  Ultralisk x2  
  196  15:54  Pneumatized Carapace  
  196  15:56  Zergling x26  
  196  15:57  Zergling x20  
  198  16:01  Zergling x8  
  198  16:02  Ultralisk  
  198  16:03  Zergling x2  
  199  16:08  Zergling x2  
  196  16:13  Zergling x2  
  192  16:23  Ultralisk  
  192  16:24  Ultralisk, Zergling x26  
  200  16:28  Zergling x12  
  193  16:36  Drone x2  
  193  16:37  Zergling x6  
  196  16:40  Baneling x20  
  196  16:42  Zergling x4  
  196  16:45  Zergling x2  
  196  16:46  Zergling x2  
  199  16:53  Baneling  
  199  16:54  Baneling x10  
  196  17:07  Hydralisk x9  
  198  17:10  Zergling x2  
  198  17:11  Zergling x4  
  192  17:16  Zergling x6  
  192  17:20  Zergling x10  
  192  17:22  Zergling x8  
  179  17:24  Zergling x4  
  179  17:25  Zergling x10  
  184  17:35  Hydralisk  
  184  17:36  Corruptor x2, Hydralisk x5  
  184  17:37  Corruptor x3  
  183  17:41  Zergling x4  
  183  17:42  Zergling x2  
  183  17:43  Corruptor x2  
  192  17:47  Corruptor  
  163  18:01  Corruptor x5  
  163  18:03  Baneling x4  
  168  18:09  Zergling x2  
  169  18:19  Zergling x4  
  168  18:29  Baneling x2  
  168  18:30  Zergling x6  
  168  18:31  Zergling x2  
  168  18:32  Overseer, Hatchery  
  168  18:33  Zergling x4  
  168  18:34  Zergling x2  
  174  18:35  Zergling x10  
  174  18:36  Zergling x2  
  174  18:39  Baneling x3  
  174  18:40  Zergling x4  
  174  18:41  Zergling x2  
  183  18:44  Zergling x8  
  187  18:50  Zergling x6  
Show
View Real Time Build Order
Export as new Build Order

INnoVation Terran 

Build Orders: Hellion Opening, Reaper Expand, Bio Tank 

Get SALT Encoding   

  12  0:00  SCV  
  13  0:12  SCV  
  14  0:17  Supply Depot  
  14  0:24  SCV  
  15  0:38  SCV  
  15  0:40  Barracks  
  16  0:42  Refinery  
  16  0:50  SCV  
  17  1:02  SCV  
  18  1:14  SCV  
  19  1:26  Reaper  
  19  1:27  Orbital Command  
  20  1:38  Command Center  
  20  1:49  Supply Depot  
  20  1:52  SCV  
  21  1:58  Marine  
  22  2:04  SCV  
  22  2:07  Factory  
  23  2:11  Refinery  
  23  2:16  SCV  
  23  2:19  Barracks Reactor  
  24  2:28  SCV  
  25  2:41  SCV  
  26  2:50  Orbital Command  
  26  2:52  Starport  
  26  2:53  SCV  
  27  2:59  Hellion x2  
  27  3:03  Barracks Tech Lab  
  27  3:05  SCV  
  32  3:12  Supply Depot  
  32  3:16  SCV  
  32  3:17  SCV  
  34  3:20  Hellion x2  
  38  3:28  Viking  
  38  3:30  SCV x2, Barracks Tech Lab  
  41  3:42  Hellion x2, SCV x2  
  41  3:46  Supply Depot  
  47  3:49  Stimpack  
  47  3:54  SCV x2  
  49  4:09  Starport Reactor, Command Center  
  49  4:11  SCV x2  
  51  4:23  SCV x2  
  53  4:24  Supply Depot  
  53  4:28  Barracks x2  
  53  4:32  Marine  
  53  4:36  SCV x2  
  56  4:46  Engineering Bay  
  56  4:47  Engineering Bay  
  56  4:48  SCV x2  
  56  4:50  Siege Tank  
  61  4:53  Marine  
  61  4:58  Starport Reactor  
  61  4:59  Refinery  
  62  5:00  SCV x2, Refinery  
  62  5:11  Marine  
  62  5:12  SCV x2  
  62  5:13  Terran Infantry Armor Level 1, Terran Infantry Weapons Level 1  
  65  5:17  Marine x2  
  65  5:21  Orbital Command  
  67  5:23  Supply Depot, Marine x2  
  67  5:27  Siege Tank  
  70  5:30  SCV x2  
  72  5:36  Medivac  
  72  5:37  Medivac  
  72  5:39  Marine x3  
  72  5:42  SCV x2  
  81  5:44  Marine  
  81  5:45  Marine  
  83  5:51  Orbital Command  
  83  5:52  Combat Shields  
  83  5:54  SCV x2  
  85  5:58  Marine x2  
  85  5:59  Supply Depot, Marine  
  85  6:01  Siege Tank  
  85  6:02  Marine x2  
  93  6:21  SCV x3, Armory  
  93  6:22  Supply Depot x2  
  93  6:23  Marine x5  
  100  6:33  SCV  
  100  6:36  Supply Depot  
  101  6:44  SCV x2, Siege Tank  
  101  6:45  SCV, Barracks  
  107  6:48  Barracks  
  107  6:56  SCV x2, Marine x4  
  107  6:57  SCV  
  107  7:08  SCV x2  
  95  7:09  SCV  
  95  7:10  Terran Infantry Armor Level 2, Terran Infantry Weapons Level 2  
  95  7:15  Marine, Refinery  
  93  7:16  Marine x4, Refinery  
  93  7:20  SCV x2, Siege Tank  
  93  7:22  SCV  
  104  7:29  Terran Vehicle And Ship Armor Level 1  
  104  7:31  Supply Depot  
  104  7:32  SCV x2  
  104  7:33  Barracks Reactor  
  104  7:34  SCV  
  104  7:35  Factory  
  104  7:36  Barracks Reactor  
  107  7:44  SCV x2  
  107  7:45  Marine x2  
  107  7:46  SCV, Marine x3  
  115  7:53  Medivac x2  
  115  7:56  SCV x2  
  115  7:58  SCV  
  122  8:00  Command Center  
  122  8:02  Supply Depot  
  122  8:04  Supply Depot  
  122  8:07  Supply Depot  
  122  8:08  SCV x2  
  122  8:09  Siege Tank  
  122  8:10  SCV, Marauder  
  122  8:11  Liberator x2  
  130  8:15  Marine x3  
  130  8:19  Factory Tech Lab  
  133  8:26  SCV x2, Marine x5  
  144  8:35  SCV  
  144  8:38  SCV x2  
  147  8:42  Supply Depot x2  
  147  8:44  Supply Depot  
  147  8:51  SCV  
  147  8:52  SCV  
  149  8:58  Supply Depot  
  149  9:03  SCV, Siege Tank x2  
  149  9:04  SCV  
  149  9:05  SCV  
  158  9:11  Sensor Tower, Planetary Fortress  
  158  9:15  SCV  
  158  9:16  SCV, Medivac x2  
  158  9:17  SCV  
  165  9:28  SCV x2, Command Center  
  165  9:29  SCV  
  165  9:31  Marauder, Marine x2, Refinery x2  
  160  9:34  Marine x2  
  160  9:35  Siege Tank x2, Marine x2  
  172  9:40  SCV, Terran Infantry Weapons Level 3  
  173  9:46  Terran Infantry Armor Level 3  
  173  9:50  Marine  
  173  9:51  Marine x3  
  179  9:53  Marauder  
  170  10:14  Supply Depot  
  169  10:15  Supply Depot  
  169  10:16  Supply Depot  
  169  10:21  Supply Depot  
  166  10:22  Supply Depot  
  166  10:26  Barracks  
  166  10:27  Barracks  
  166  10:29  Barracks  
  166  10:37  SCV x3, Marine x3, Marauder  
  166  10:38  Terran Vehicle And Ship Armor Level 2, Ghost Academy  
  166  10:39  Ghost Academy  
  174  10:49  SCV x2  
  177  10:50  SCV  
  177  10:51  Liberator x2  
  177  10:53  Command Center  
  177  10:54  Siege Tank  
  177  10:55  Command Center  
  177  10:56  Siege Tank  
  177  11:01  SCV x2  
  177  11:02  SCV  
  181  11:13  SCV x2, Planetary Fortress  
  181  11:14  SCV  
  181  11:17  Barracks Tech Lab  
  181  11:18  Barracks Tech Lab  
  174  11:20  Marine, Barracks Tech Lab  
  174  11:21  Marine x7, Marauder  
  184  11:26  Siege Tank  
  180  11:34  Nuke  
  180  11:35  Personal Cloaking  
  180  11:37  Ghost x2, Liberator x2  
  180  11:38  Ghost, Marine  
  180  11:39  Marine  
  184  11:40  Marine x6  
  184  11:41  Ghost  
  192  11:47  Missile Turret  
  192  11:49  Sensor Tower  
  192  11:56  Marine  
  192  11:57  Marine  
  200  12:01  Orbital Command, Refinery  
  200  12:03  Refinery  
  200  12:04  Missile Turret  
  200  12:05  Missile Turret  
  200  12:06  Sensor Tower  
  196  12:10  Ghost x4  
  196  12:13  SCV  
  200  12:22  Orbital Command, Planetary Fortress  
  196  12:31  Ghost Academy  
  195  12:42  Supply Depot, Command Center  
  193  12:47  Supply Depot x2  
  193  12:50  Medivac x2  
  194  12:51  Ghost x2  
  194  12:56  Marine  
  194  12:57  Marine x6  
  200  13:01  Nuke  
  200  13:12  Nuke  
  200  13:14  Command Center  
  200  13:20  Building Armor, Hi-Sec Auto Tracking  
  200  13:21  Terran Vehicle And Ship Armor Level 3  
  200  13:25  Nuke  
  199  13:41  Ghost x2  
  193  13:42  Marine x2  
  190  13:53  SCV  
  190  13:54  SCV  
  189  14:08  Nuke  
  189  14:09  Ghost x4  
  193  14:12  Marine x3  
  198  14:26  Missile Turret  
  198  14:28  Medivac  
  200  14:34  Barracks  
  200  14:37  Ghost, Barracks  
  200  14:38  Barracks  
  200  14:41  Missile Turret, Liberator x2  
  200  14:42  Missile Turret  
  192  14:55  Unknown  
  192  14:56  Ghost x3  
  192  14:57  Marine x6  
  192  14:58  Marine x2  
  192  14:59  SCV x3  
  182  15:06  Ghost  
  184  15:13  SCV x2  
  184  15:14  SCV  
  169  15:15  Marine x2  
  169  15:20  SCV  
  172  15:24  Liberator x2  
  172  15:25  SCV  
  172  15:26  SCV  
  172  15:27  SCV  
  175  15:30  Unknown x2  
  173  15:37  Marauder  
  173  15:38  Marine, Marauder x3  
  173  15:39  SCV  
  173  15:41  Marine x4  
  173  15:42  SCV x3, Marine  
  185  15:56  SCV x3  
  165  15:59  Unknown, Marauder x2  
  152  16:07  Marine, Marauder  
  152  16:08  Marine x5, Marauder  
  136  16:20  Marauder  
  136  16:22  Orbital Command  
  136  16:23  Ghost  
  136  16:24  Medivac x2  
  136  16:25  Marine x3  
  131  16:26  Marine  
  131  16:28  Ghost x2, Siege Tank x2  
  131  16:29  SCV x2  
  131  16:30  SCV  
  146  16:38  Liberator x2  
  146  16:41  Ghost  
  146  16:45  SCV  
  146  16:46  SCV x2  
  151  16:51  Planetary Fortress  
  151  16:52  Ghost, SCV  
  154  16:55  Marine  
  154  16:56  Marine x7  
  154  16:57  Marauder x2  
  154  16:58  SCV x2  
  174  17:05  SCV x2  
  167  17:10  SCV x2, Marauder  
  165  17:17  SCV  
  165  17:19  Marauder  
  165  17:21  Widow Mine x2  
  135  17:33  SCV x3  
  130  17:50  Marine, Marauder x4  
  135  17:52  Marine x7  
  139  18:11  Marauder x2  
  129  18:28  Marine  
  129  18:29  Marine x2, Marauder  
  131  18:43  Marine, Marauder x3  

Tags
 
Add a new tag
Caveats
  • Supply blocks, unpowered buildings, or Contaminate may cause inaccurate times.
  • Supply counts are checked every 10 seconds.